 Dungeon Crawl Stone Soup version 0.21.1-72-gffa868e (webtiles) character file.

215802 dvd the Thaumaturge (level 19, -6/124 HPs)
             Began as an Octopode Fire Elementalist on July 29, 2018.
             Was the Champion of Ashenzari.
             Mangled by a green death (30 damage)
             ... summoned by Asterion
             ... on level 3 of the Snake Pit on Aug 5, 2018.
             The game lasted 03:15:44 (48126 turns).

dvd the Thaumaturge (Octopode Fire Elementalist)   Turns: 48126, Time: 03:15:45

Health: -6/124     AC:  2    Str: 10    XL:     19   Next: 43%
Magic:  10/37      EV: 35    Int: 20    God:    Ashenzari [******]
Gold:   3645       SH:  8    Dex: 23    Spells: 13/46 levels left

rFire    . . .     SeeInvis +   l - +7 rapier of Worrec {protect, rElec rPois Dex+4} (curse)
rCold    + . .     Gourm    .   O - +1 buckler "Wozoyzol" {rC+ rN++ rCorr Int-2} (curse)
rNeg     + + .     Faith    .   P - +1 hat {MR+} (curse)
rPois    +         Spirit   .   t - amulet of the Air {Inacc +Fly rElec EV+5 RMsl} (curse)
rElec    +         Reflect  .   f - ring of protection from magic (curse)
rCorr    +         Harm     .   E - ring of protection from magic (curse)
MR       +++++     Clarity  +   V - ring of flight
Stlth    ++++++....             T - +4 ring of dexterity (curse)
HPRegen  0.30/turn              v - ring of protection from magic
MPRegen  0.25/turn              Y - ring of poison resistance
                                (no ring)
                                (no ring)

@: repel missiles
A: almost no armour, stealthy swim, amphibious, 8 rings, constrict 8, repulsion
field 1, camouflage 1, agile 1, screaming 1, gelatinous body 1
a: Curse Item, Scrying, Transfer Knowledge, Renounce Religion, Evoke Flight


You were on level 3 of the Snake Pit.
You worshipped Ashenzari.
Ashenzari was exalted by your worship.
You were very hungry.

You visited 4 branches of the dungeon, and saw 26 of its levels.
You also visited: Labyrinth, Ossuary, Bailey and Ice Cave.

You collected 4259 gold pieces.
You spent 614 gold pieces at shops.

Inventory:

Hand Weapons
 l - the cursed +7 rapier of Worrec (weapon) {protect, rElec rPois Dex+4}
   (You found it on level 4 of the Dungeon)

   It protects the one who uses it against injury (+AC on strike).
   It affects your dexterity (+4).
   It insulates you from electricity.
   It protects you from poison.
   It has a curse placed upon it.
 L - the +6 dagger "Tieff" {venom, rPois Int+4 Dex-2 Stlth+}
   (You found it in a labyrinth)

   It poisons the flesh of those it strikes.
   It affects your intelligence (+4).
   It affects your dexterity (-2).
   It protects you from poison.
   It makes you more stealthy.
Missiles
 m - 7 poisoned tomahawks (quivered)
Armour
 O - the cursed +1 buckler "Wozoyzol" (worn) {rC+ rN++ rCorr Int-2}
   (You bought it in a shop on level 2 of the Orcish Mines)

   It affects your intelligence (-2).
   It protects you from cold.
   It greatly protects you from negative energy.
   It protects you from acid and corrosion.
   It has a curse placed upon it.
 P - a cursed +1 hat of magic resistance (worn)
Magical Staves
 N - an uncursed staff of conjuration
Jewellery
 f - a cursed ring of protection from magic (left tentacle)
 p - an uncursed ring of ice
 t - the cursed amulet of the Air (around mantle) {Inacc +Fly rElec EV+5 RMsl}
   (You found it on level 6 of the Dungeon)

   [amulet of inaccuracy]

   It reduces the accuracy of all your attacks.
   It affects your evasion (+5).
   It insulates you from electricity.
   It lets you fly.
   It protects you from missiles.
   It has a curse placed upon it.
 v - a ring of protection from magic (on tentacle)
 E - a cursed ring of protection from magic (right tentacle)
 T - a cursed +4 ring of dexterity (on tentacle)
 V - a ring of flight (on tentacle)
 Y - a ring of poison resistance (on tentacle)
Wands
 e - a wand of disintegration (32)
 j - a wand of flame (29)
 o - a wand of digging (41)
 z - a wand of iceblast (17)
 B - a wand of paralysis (36)
 I - a wand of polymorph (25)
Scrolls
 c - 9 scrolls of amnesia
 d - 2 scrolls of holy word
 g - 29 scrolls of identify
 r - 6 scrolls of teleportation
 w - 5 scrolls of enchant weapon
 D - 3 scrolls of remove curse
 K - 2 scrolls of blinking
 W - a scroll of magic mapping
 X - a scroll of fear
Potions
 h - 3 potions of heal wounds
 q - 13 potions of curing
 u - a potion of cancellation
 x - 3 potions of haste
 C - 2 potions of lignification
 M - 4 potions of brilliance
 R - a potion of resistance
 S - a potion of mutation
 U - a potion of might
Books
 a - a book of Flames

   Spells                             Type                      Level
   a - Flame Tongue                   Conjuration/Fire             1
   b - Throw Flame                    Conjuration/Fire             2
   c - Conjure Flame                  Conjuration/Fire             3
   d - Inner Flame                    Hexes/Fire                   3
   e - Sticky Flame                   Conjuration/Fire             4
   f - Fireball                       Conjuration/Fire             5
 k - a book of Frost

   Spells                             Type                      Level
   a - Freeze                         Ice                          1
   b - Throw Frost                    Conjuration/Ice              2
   c - Ozocubu's Armour               Charms/Ice                   3
   d - Throw Icicle                   Conjuration/Ice              4
   e - Summon Ice Beast               Ice/Summoning                4
 n - a book of Air

   Spells                             Type                      Level
   a - Shock                          Conjuration/Air              1
   b - Swiftness                      Charms/Air                   2
   c - Static Discharge               Conjuration/Air              3
   d - Airstrike                      Air                          4
   e - Lightning Bolt                 Conjuration/Air              5
 y - a book of Power

   Spells                             Type                      Level
   a - Iskenderun's Battlesphere      Conjuration/Charms           5
   b - Venom Bolt                     Conjuration/Poison           5
   c - Bolt of Magma                  Conjuration/Fire/Earth       5
   d - Iron Shot                      Conjuration/Earth            6
   e - Orb of Destruction             Conjuration                  7
   f - Spellforged Servitor           Conjuration/Summoning        7
 A - a book of Ice

   Spells                             Type                      Level
   a - Ice Form                       Ice/Transmutation            4
   b - Metabolic Englaciation         Hexes/Ice                    5
   c - Ozocubu's Refrigeration        Ice                          6
   d - Bolt of Cold                   Conjuration/Ice              6
   e - Freezing Cloud                 Conjuration/Ice/Air          6
   f - Simulacrum                     Ice/Necromancy               6
 F - a book of Necromancy

   Spells                             Type                      Level
   a - Pain                           Necromancy                   1
   b - Animate Skeleton               Necromancy                   1
   c - Vampiric Draining              Necromancy                   3
   d - Regeneration                   Charms/Necromancy            3
   e - Animate Dead                   Necromancy                   4
   f - Borgnjor's Vile Clutch         Necromancy/Earth             5
 G - a book of Minor Magic

   Spells                             Type                      Level
   a - Magic Dart                     Conjuration                  1
   b - Blink                          Translocation                2
   c - Call Imp                       Summoning                    2
   d - Slow                           Hexes                        2
   e - Conjure Flame                  Conjuration/Fire             3
   f - Mephitic Cloud                 Conjuration/Poison/Air       3
 H - the Handbook of Nocuous Fire
   (You found it in a labyrinth)

   Spells                             Type                      Level
   a - Throw Flame                    Conjuration/Fire             2
   b - Inner Flame                    Hexes/Fire                   3
   c - Spider Form                    Transmutation/Poison         3
   d - Olgreb's Toxic Radiance        Poison                       4
   e - Venom Bolt                     Conjuration/Poison           5
 J - the Tome of Talismans
   (You found it in a labyrinth)

   Spells                             Type                      Level
   a - Infusion                       Charms                       1
   b - Swiftness                      Charms/Air                   2
   c - Spectral Weapon                Hexes/Charms                 3
   d - Excruciating Wounds            Charms/Necromancy            5
   e - Iskenderun's Battlesphere      Conjuration/Charms           5
   f - Ring of Flames                 Charms/Fire                  7
 Q - a book of Misfortune

   Spells                             Type                      Level
   a - Confusing Touch                Hexes                        1
   b - Confuse                        Hexes                        3
   c - Gell's Gravitas                Translocation                3
   d - Petrify                        Transmutation/Earth          4
   e - Metabolic Englaciation         Hexes/Ice                    5
   f - Yara's Violent Unravelling     Hexes/Transmutation          5
Comestibles
 b - 25 rations


   Skills:
 + Level 9.3 Fighting
 + Level 12.7(16.9) Short Blades
   Level 2.9(8.9) Long Blades
 + Level 11.1(15.3) Dodging
 + Level 5.2(9.7) Stealth
 - Level 4.0(6.8) Shields
 + Level 14.4 Spellcasting
 + Level 12.7 Conjurations
 + Level 6.0 Charms
 + Level 3.2 Necromancy
 + Level 2.0 Translocations
 + Level 13.1 Fire Magic
 + Level 5.0 Ice Magic
 + Level 8.3 Poison Magic
 + Level 2.9 Evocations


You had 13 spell levels left.
You knew the following spells:

 Your Spells              Type           Power        Failure   Level  Hunger
a - Flame Tongue          Conj/Fire      #####        1%          1    None
b - Throw Flame           Conj/Fire      ######       1%          2    None
c - Sticky Flame          Conj/Fire      ######..     1%          4    None
d - Fireball              Conj/Fire      ######....   1%          5    ###....
e - Iskenderun's Battles  Conj/Chrm      ######..     2%          5    ###....
f - Ozocubu's Armour      Chrm/Ice       #####...     1%          3    None
g - Olgreb's Toxic Radia  Pois           #####...     1%          4    None
h - Regeneration          Chrm/Necr      ####......   1%          3    None
i - Blink                 Tloc           N/A          2%          2    None
j - Throw Icicle          Conj/Ice       ######..     1%          4    None


Dungeon Overview and Level Annotations

Branches:
Dungeon (15/15)            Temple (0/1) D:4            Lair (6/6) D:10
 Shoals (0/4) Lair:2        Snake (3/4) Lair:4        Slime (0/5) Lair:6
    Orc (2/2) D:9             Elf (0/3) Orc:2        Vaults (0/5) D:13
 Depths (0/5) D:15

Altars:
Ashenzari
Elyvilon
Fedhas
Gozag
Kikubaaqudgha
Makhleb
Nemelex Xobeh
Qazlal
Trog
Uskayaw
Vehumet
Wu Jian
Zin
The Shining One
Beogh
Jiyva

Shops:
D:8 }   D:11 *   D:12 *   Orc:1 %   Orc:2 [((*   Snake:1 (   Snake:3 ?

Annotations:
Snake:1 exclusion: Roxanne, Roxanne
Snake:3 Asterion


Innate Abilities, Weirdness & Mutations

You cannot wear most types of armour.
You are very stealthy in the water. (Stealth+)
You are amphibious.
You can wear up to eight rings at the same time.
You can use your tentacles to constrict eight enemies at once.
Your skin changes colour to match your surroundings (Stealth+).
Your rubbery body absorbs attacks. (AC +1, EV +1)
You are surrounded by a mild repulsion field. (EV +2)
You are agile. (Dex +2)
You occasionally shout uncontrollably at your foes.


Message History

Aiming: Throw Flame
Press: ? - help, Shift-Dir - straight line, f/p - Asterion
Aim: Asterion, wielding a demon trident of venom, wearing a leather armour and wearing a shield (severely wounded, fast) Asterion blocks the puff of flame.
You block Asterion's attack.
Unknown command.
You block Asterion's attack. x2; The green death misses you.
Asterion conjures a destructive force in the name of Makhleb!
The fireball explodes!
The fireball engulfs you!
Your icy armour melts away.
* * * LOW HITPOINT WARNING * * *
The fireball engulfs Asterion.
The fireball engulfs the green death.
Asterion blocks your attack.
You grab Asterion. You squeeze Asterion.
Asterion is almost dead.
You constrict Asterion. Asterion blocks your attack.
Asterion is almost dead.
You constrict Asterion, but do no damage.
You block Asterion's attack. Asterion barely misses you.
The green death hits you!!
You die...

### #####
############.###...# #
#.....#..##...##...## ##
#...<...............####.
#........................
#.......@.....>........##
##......H.2.......######'.
#.................#.......
#.......?.(.......##......
#..<.............##......
##...............#.......
#........[.......##......
#...........)[...##......
##...........)....#.......


You could see Asterion and a green death.

Vanquished Creatures
  Vashnia (Snake:3)
  Kirke (D:14)
  A storm dragon (D:15)
  4 nagarajas
  A frost giant (D:15)
  3 orc warlords
  Louise (D:15)
  Aizul (Snake:1)
  2 entropy weavers (Lair:4)
  Azrael (D:15)
  Nessos (Orc:2)
  A dire elephant (Lair:6)
  The ghost of Bluemoon111 the Geomancer, a journeyman GrEE of Vehumet (Lair:5)
  An ettin (D:15)
  Josephine (Orc:2)
  6 ogre magi
  A minotaur (Lab)
  Erolcha (Orc:2)
  4 hydras
  9 naga warriors
  A rakshasa (D:15)
  13 two-headed ogres
  6 centaur warriors
  6 anacondas
  2 death knights (D:15)
  A queen ant (Lair:4)
  2 orc high priests
  2 tengu warriors (D:15)
  7 death yaks
  9 naga sharpshooters
  A salamander mystic (Snake:3)
  4 skeletal warriors (D:13)
  5 shock serpents
  3 unseen horrors (D:15)
  4 naga ritualists
  3 deep elf archers
  A flayed ghost (D:15)
  12 orc knights
  2 phantasmal warriors (D:15)
  A necromancer (IceCv)
  3 orc sorcerers
  5 deep elf magi
  A wolf spider (D:15)
  A mana viper (shapeshifter) (D:15)
  10 mana vipers
  A manticore (D:15)
  6 salamanders
  3 oklob plants (Lair:3)
  10 ugly things
  10 cyclopes
  A salamander (shapeshifter) (D:15)
  The ghost of aaksess the Ogre Mage, a novice OgAE (D:4)
  2 ice statues (IceCv)
  5 elephants
  10 naga magi
  6 spiny frogs
  31 black mambas
  A guardian serpent (Snake:1)
  A spiny frog (shapeshifter) (D:15)
  A gargoyle (D:13)
  3 yaktaurs (D:13)
  5 komodo dragons
  2 rime drakes
  A jumping spider (shapeshifter) (D:15)
  7 ice devils (IceCv)
  2 tengu conjurers
  8 trolls
  2 polar bears (D:9)
  A meliai (D:15)
  The ghost of tev the Chopper, an amateur DsBe of Trog (D:3)
  3 hornets (D:9)
  4 merfolk (Lair:2)
  Prince Ribbit (D:7)
  A hornet (shapeshifter) (D:12)
  3 blink frogs (Lair:5)
  13 dream sheep
  11 hippogriffs
  2 centaur simulacra (D:15)
  14 slime creatures
  3 shadows
  A redback (D:15)
  8 yaks
  3 wyverns
  7 wraiths
  Sigmund (D:5)
  A fire elemental (D:15)
  A vampire (D:12)
  A basilisk (D:14)
  7 hogs
  4 hungry ghosts
  A steam dragon (D:11)
  17 wargs
  3 vampire mosquitoes
  17 water moccasins
  An acid dragon (D:15)
  25 nagas
  4 hell hounds (D:15)
  19 soldier ants
  4 porcupines
  61 orc warriors
  A floating eye (shapeshifter) (D:15)
  3 sky beasts
  A hornet zombie (D:14)
  2 ice beasts
  10 black bears
  7 phantoms
  An eye of draining (D:15)
  5 necrophages
  22 centaurs
  11 wolves
  22 ogres
  12 crocodiles
  3 big kobolds
  Blork the orc (D:5)
  24 bullfrogs
  A wyvern zombie (D:10)
  A water moccasin zombie (D:5)
  4 scorpions
  A wyvern skeleton (D:12)
  10 killer bees
  6 wights
  6 howler monkeys
  11 crimson imps
  6 lava snakes
  6 centaur zombies
  2 draconian simulacra (IceCv)
  A quasit (D:12)
  A bullfrog zombie (D:9)
  38 orc priests
  A wyvern simulacrum (D:14)
  6 centaur skeletons
  7 hounds
  14 jellies
  32 orc wizards
  Crazy Yiuf (D:6)
  3 iguanas
  7 hell rats (Lair:3)
  23 worker ants
  3 troll simulacra (IceCv)
  A killer bee zombie (D:10)
  2 hound zombies (D:10)
  A mummy (D:6)
  2 worker ant zombies
  16 gnolls
  13 adders
  2 ogre simulacra (IceCv)
  3 naga simulacra (IceCv)
  5 shadow imps
  12 white imps (Lair:4)
  3 oozes
  An adder skeleton (D:6)
  2 adder zombies (Ossuary)
  6 worms
  2 dart slugs
  6 leopard geckos
  155 orcs
  3 ball pythons
  4 giant cockroaches
  25 goblins
  20 hobgoblins
  6 jackals (D:2)
  4 quokkas
  2 ball python skeletons (Ossuary)
  11 bats
  5 frilled lizards
  A hobgoblin skeleton (Ossuary)
  A hobgoblin zombie (Ossuary)
  22 kobolds
  A kobold zombie (Ossuary)
  A leopard gecko skeleton (D:5)
  An orc skeleton (Ossuary)
  An orc zombie (Ossuary)
  7 rats
  A fungus (Lair:6)
  6 plants
1179 creatures vanquished.

Vanquished Creatures (others)
  A hydra (D:15)
  An unseen horror (D:13)
  A hippogriff (D:15)
  An adder (Snake:1)
  4 bushes (D:10)
  21 fungi
  16 plants
45 creatures vanquished.

Grand Total: 1224 creatures vanquished

Notes
Turn   | Place    | Note
-------+----------+-------------------------------------------
     0 | D:1      | dvd the Octopode Fire Elementalist began the quest for the Orb.
     0 | D:1      | Reached XP level 1. HP: 11/11 MP: 3/3
   244 | D:1      | Reached XP level 2. HP: 17/17 MP: 1/5
   331 | D:1      | Learned a level 2 spell: Throw Flame
  1124 | D:2      | Reached XP level 3. HP: 21/21 MP: 1/6
  1156 | D:2      | Found an opulent altar of Gozag.
  1671 | D:2      | Reached XP level 4. HP: 23/27 MP: 1/7
  2217 | D:2      | Learned a level 4 spell: Sticky Flame
  2501 | D:3      | Noticed tev's ghost (amateur DsBe)
  2531 | D:3      | Reached skill level 1 in Long Blades
  2692 | D:3      | Reached XP level 5. HP: 32/32 MP: 3/8
  3182 | D:3      | Found a glowing golden altar of the Shining One.
  3215 | D:3      | Found a sparkling altar of Nemelex Xobeh.
  3215 | D:3      | Found a bloodstained altar of Trog.
  3221 | D:3      | Found a white marble altar of Elyvilon.
  3223 | D:3      | Found a faded altar of an unknown god.
  3224 | D:3      | Found a faded altar of an unknown god.
  3248 | D:3      | Became a worshipper of Ashenzari the Shackled
  3248 | D:3      | Reached * piety under Ashenzari
  3639 | D:4      | Reached skill level 1 in Fighting
  3639 | D:4      | Reached XP level 6. HP: 36/38 MP: 5/10
  3852 | D:4      | Reached skill level 3 in Spellcasting
  4000 | D:4      | Noticed aaksess's ghost (novice OgAE)
  4269 | D:4      | Got the rapier of Worrec {protect, rElec rPois Dex+4}
  4270 | D:4      | Identified the +7 rapier of Worrec {protect, rElec rPois Dex+4} (You found it on level 4 of the Dungeon)
  4287 | D:4      | Found a staircase to the Ecumenical Temple.
  4306 | D:4      | Reached XP level 7. HP: 41/43 MP: 0/11
  4499 | D:5      | Entered Level 5 of the Dungeon
  4522 | D:5      | Reached skill level 1 in Short Blades
  4744 | D:5      | Noticed Sigmund
  4749 | D:5      | Killed Sigmund
  4749 | D:5      | Reached skill level 5 in Fire Magic
  4749 | D:5      | Reached XP level 8. HP: 51/51 MP: 8/13
  4886 | D:5      | Noticed Blork the orc
  4894 | D:5      | Killed Blork the orc
  4894 | D:5      | Reached skill level 4 in Spellcasting
  5190 | D:5      | Reached ** piety under Ashenzari
  5567 | D:6      | Found a sand-covered staircase.
  5764 | Ossuary  | Entered an ossuary
  5904 | Ossuary  | Noticed a wraith
  5904 | Ossuary  | Noticed a flying skull
  5913 | Ossuary  | Noticed a flying skull
  5927 | Ossuary  | Noticed a flying skull
  5928 | Ossuary  | Noticed a flying skull
  6013 | Ossuary  | Noticed a flying skull
  6164 | D:6      | Found a runed door.
  6168 | D:6      | Noticed Crazy Yiuf
  6171 | D:6      | Killed Crazy Yiuf
  6229 | D:6      | Found a radiant altar of Vehumet.
  6408 | D:6      | Found the amulet of the Air {Inacc +Fly rElec EV+5 RMsl}
  6619 | D:6      | Reached XP level 9. HP: 56/56 MP: 10/16
  6627 | D:6      | Found a blossoming altar of Fedhas.
  7386 | D:7      | Reached skill level 5 in Spellcasting
  7662 | D:7      | Reached skill level 5 in Short Blades
  7923 | D:7      | Noticed Prince Ribbit
  7929 | D:7      | Killed Prince Ribbit
  8125 | D:8      | Reached *** piety under Ashenzari
  8211 | D:8      | Found Eqoogykenn's Gadget Shop.
  8381 | D:8      | Reached skill level 5 in Conjurations
  8444 | D:8      | Found a burning altar of Makhleb.
  8522 | D:8      | Found a hide-covered altar of Uskayaw.
  9052 | D:8      | Reached skill level 6 in Spellcasting
  9052 | D:8      | Reached XP level 10. HP: 50/63 MP: 8/19
  9323 | D:8      | Found an ornate altar of the Wu Jian Council.
  9441 | D:9      | Paralysed by a hornet for 3 turns
  9853 | D:9      | Noticed a two-headed ogre
 10207 | D:8      | Learned a level 5 spell: Fireball
 10213 | D:9      | Found a viscous altar of Jiyva.
 10448 | D:9      | Found a huge runed gate.
 10449 | D:9      | Found a huge runed gate.
 10450 | D:9      | Found a huge runed gate.
 10451 | D:9      | Found a huge runed gate.
 11131 | D:9      | Found a staircase to the Orcish Mines.
 11184 | D:9      | Killed a two-headed ogre
 11184 | D:9      | Reached skill level 7 in Spellcasting
 11504 | D:4      | Killed aaksess's ghost
 11858 | D:3      | Killed tev's ghost
 11858 | D:3      | Reached skill level 5 in Dodging
 12109 | D:10     | Entered Level 10 of the Dungeon
 12109 | D:10     | Found a staircase to the Lair.
 12140 | D:10     | Reached XP level 11. HP: 51/69 MP: 1/22
 13062 | D:10     | Noticed an orc sorcerer
 13070 | D:10     | Gained mutation: You are agile. (Dex +2) [potion of mutation]
 13070 | D:10     | Gained mutation: You occasionally shout uncontrollably at your foes. [potion of mutation]
 13070 | D:10     | Gained mutation: You are surrounded by a mild repulsion field. (EV +2) [potion of mutation]
 13082 | D:10     | Killed an orc sorcerer
 13101 | D:10     | HP: 3/70 [orc/flail (12)]
 13109 | D:10     | HP: 3/70 [orc warrior/flail (12)]
 13116 | D:10     | HP: 3/70 [orc/club (2)]
 13605 | D:10     | Noticed a two-headed ogre
 13617 | D:10     | Killed a two-headed ogre
 13624 | D:10     | Reached skill level 8 in Spellcasting
 14382 | D:10     | Found a blossoming altar of Fedhas.
 14457 | D:10     | Noticed a two-headed ogre
 14464 | D:10     | Killed a two-headed ogre
 14681 | D:10     | Learned a level 5 spell: Iskenderun's Battlesphere
 14791 | D:10     | Noticed an orc knight
 14809 | D:10     | Killed an orc knight
 15201 | D:9      | Reached skill level 5 in Fighting
 15212 | D:9      | Reached XP level 12. HP: 70/77 MP: 16/24
 15661 | Lair:1   | Entered Level 1 of the Lair of Beasts
 15840 | Lair:1   | Learned a level 3 spell: Ozocubu's Armour
 16199 | Lair:1   | Found a glowing silver altar of Zin.
 16775 | Lair:2   | Reached **** piety under Ashenzari
 16950 | Lair:2   | Reached skill level 9 in Spellcasting
 17113 | Lair:2   | Found a staircase to the Shoals.
 17287 | Lair:2   | Noticed a death yak
 17288 | Lair:2   | Noticed a death yak
 17289 | Lair:2   | Noticed a death yak
 17290 | Lair:2   | Noticed a death yak
 17333 | Lair:1   | Killed a death yak
 17969 | Lair:2   | Killed a death yak
 17969 | Lair:2   | Reached skill level 1 in Charms
 17969 | Lair:2   | Reached skill level 10 in Fire Magic
 17976 | Lair:2   | Killed a death yak
 17976 | Lair:2   | Reached skill level 1 in Ice Magic
 17986 | Lair:2   | Killed a death yak
 18604 | Lair:3   | Reached ***** piety under Ashenzari
 18918 | Lair:3   | Reached XP level 13. HP: 83/83 MP: 5/26
 19078 | Lair:4   | Found a frozen archway.
 19226 | Lair:4   | Found a staircase to the Snake Pit.
 19339 | IceCv    | Entered an ice cave
 19783 | IceCv    | Reached skill level 10 in Short Blades
 20643 | IceCv    | Reached skill level 10 in Spellcasting
 21032 | Lair:4   | Noticed an entropy weaver
 21607 | Lair:4   | Noticed an entropy weaver
 21695 | Lair:4   | Killed an entropy weaver
 22532 | Lair:4   | Killed an entropy weaver
 22616 | Lair:5   | Found a labyrinth entrance.
 22670 | Lab      | Entered a labyrinth
 23706 | Lab      | Noticed a minotaur
 23716 | Lab      | Killed a minotaur
 23724 | Lab      | Identified the +6 dagger "Tieff" {venom, rPois Int+4 Dex-2 Stlth+}
 23726 | Lab      | Identified the Handbook of Nocuous Fire
 23732 | Lab      | Identified the Tome of Talismans
 23765 | Lair:5   | Learned a level 4 spell: Olgreb's Toxic Radiance
 23989 | Lair:5   | Reached skill level 1 in Poison Magic
 24429 | Lair:5   | Reached skill level 10 in Conjurations
 24446 | Lair:5   | Reached XP level 14. HP: 28/90 MP: 1/28
 24745 | Lair:5   | Learned a level 3 spell: Regeneration
 25200 | Lair:5   | Noticed Bluemoon111's ghost (journeyman GrEE)
 25241 | Lair:5   | Killed Bluemoon111's ghost
 25370 | Lair:6   | Entered Level 6 of the Lair of Beasts
 25613 | Lair:5   | Learned a level 2 spell: Blink
 26691 | Lair:6   | Learned a level 4 spell: Throw Icicle
 26885 | Lair:6   | Found a staircase to the Slime Pits.
 27293 | Lair:6   | Reached skill level 11 in Spellcasting
 27631 | Lair:6   | Noticed a dire elephant
 27804 | Lair:6   | Noticed a dire elephant
 27824 | Lair:6   | Killed a dire elephant
 27857 | Lair:6   | Noticed a dire elephant
 28357 | D:11     | Found Appam's Assorted Antiques.
 29033 | D:11     | Found a sparkling altar of Nemelex Xobeh.
 29459 | D:12     | Found a flagged portal.
 29530 | Bailey   | Entered a bailey
 29954 | Bailey   | Noticed an orc warlord
 29964 | Bailey   | Killed an orc warlord
 30274 | Bailey   | Reached skill level 1 in Necromancy
 30274 | Bailey   | Reached skill level 1 in Translocations
 30274 | Bailey   | Reached skill level 5 in Poison Magic
 30274 | Bailey   | Reached skill level 1 in Evocations
 30274 | Bailey   | Reached XP level 15. HP: 97/97 MP: 30/30
 30275 | Bailey   | Reached XP level 16. HP: 103/103 MP: 31/31
 30828 | D:12     | Found Joat's Demolitions Depot.
 31115 | D:12     | Reached ****** piety under Ashenzari
 31289 | Orc:1    | Entered Level 1 of the Orcish Mines
 31526 | Orc:2    | Entered Level 2 of the Orcish Mines
 31531 | Orc:2    | Noticed Erolcha
 31542 | Orc:2    | Killed Erolcha
 31733 | Orc:2    | Found a roughly hewn altar of Beogh.
 31941 | Orc:2    | Found a staircase to the Elven Halls.
 32217 | Orc:1    | Found Ubahu's Food Shoppe.
 32224 | Orc:1    | Reached XP level 17. HP: 87/108 MP: 19/32
 32886 | Orc:1    | HP: 5/108 [troll[an orc warlord] (8)]
 33084 | Orc:1    | Reached skill level 12 in Spellcasting
 33324 | Orc:2    | Found a roughly hewn altar of Beogh.
 33413 | Orc:2    | Found a roughly hewn altar of Beogh.
 33570 | Orc:2    | Found a roughly hewn altar of Beogh.
 33583 | Orc:2    | Found Toqan's Antique Weapon Shop.
 33642 | Orc:2    | Found a roughly hewn altar of Beogh.
 34054 | Orc:2    | Found Exkal's Antique Weapon Shop.
 34058 | Orc:2    | Found a roughly hewn altar of Beogh.
 34062 | Orc:2    | Found Renetsyn's Antique Armour Boutique.
 34068 | Orc:2    | Bought a smoking buckler for 275 gold pieces
 34068 | Orc:2    | Bought a runed hat for 203 gold pieces
 34073 | Orc:2    | Identified the +1 buckler "Wozoyzol" {rC+ rN++ rCorr Int-2} (You bought it in a shop on level 2 of the Orcish Mines)
 34163 | Orc:2    | Noticed Josephine
 34175 | Orc:2    | Killed Josephine
 34225 | Orc:2    | Reached skill level 1 in Shields
 34244 | Orc:2    | Found a roughly hewn altar of Beogh.
 34245 | Orc:2    | Noticed Nessos
 34464 | Orc:2    | Killed Nessos
 34677 | Orc:2    | Found a roughly hewn altar of Beogh.
 34700 | Orc:2    | Found Ramam's Assorted Antiques.
 35925 | D:13     | Found a stormy altar of Qazlal.
 36419 | D:13     | Found a gate to the Vaults.
 37116 | D:14     | Noticed Kirke
 37128 | D:14     | Killed Kirke
 37778 | D:15     | Entered Level 15 of the Dungeon
 37944 | D:15     | Noticed Louise
 37970 | D:15     | Killed Louise
 38800 | D:15     | Reached XP level 18. HP: 43/116 MP: 0/34
 39064 | D:15     | Found a staircase to the Depths.
 39129 | D:15     | Found a shattered altar of Ashenzari.
 39130 | D:15     | Found a bloodstained altar of Trog.
 39130 | D:15     | Found a sparkling altar of Nemelex Xobeh.
 39145 | D:15     | Reached skill level 13 in Spellcasting
 39604 | D:15     | Reached skill level 10 in Dodging
 40756 | D:15     | Noticed Azrael
 40819 | D:15     | Killed Azrael
 41544 | D:15     | Upgraded the game from 0.21.1-1-g345015f to 0.21.1-72-gffa868e
 41767 | Snake:1  | Entered Level 1 of the Snake Pit
 42275 | Snake:1  | Reached skill level 5 in Charms
 43819 | Snake:1  | Found Suwom's Weapon Boutique.
 43993 | Snake:1  | Noticed Roxanne
 44125 | Snake:2  | Reached skill level 14 in Spellcasting
 44140 | Snake:2  | Noticed Aizul
 44363 | Snake:1  | Killed Aizul
 44552 | Snake:2  | Reached skill level 5 in Stealth
 45114 | Snake:2  | Reached XP level 19. HP: 119/124 MP: 0/37
 46655 | Snake:3  | Found Wiofih's Magic Scroll Boutique.
 46666 | Snake:3  | Bought a scroll of enchant armour for 97 gold pieces
 46681 | Snake:3  | Bought a scroll of teleportation for 39 gold pieces
 46752 | Snake:3  | Noticed Asterion
 46767 | Snake:3  | Found an ancient bone altar of Kikubaaqudgha.
 46854 | Snake:3  | Noticed Vashnia
 47254 | Snake:3  | Killed Vashnia
 47950 | Snake:3  | Reached skill level 5 in Ice Magic
 48126 | Snake:3  | Mangled by a green death

Skill      XL: |  1  2  3  4  5  6  7  8  9 10 11 12 13 14 15 16 17 18 19 |
---------------+----------------------------------------------------------+-----
Fire Magic     | 4 5 6 8 9 10 11 12 13 | 13.1
Long Blades    | 1 2 |  2.9
Conjurations   | 2 3 4 5 6 8 10 11 12 | 12.7
Fighting       | 1 2 3 4 5 6 7 8 9 |  9.3
Dodging        | 3 4 5 6 7 8 9 10 11 | 11.1
Spellcasting   | 3 4 6 7 8 9 10 11 12 14 | 14.4
Short Blades   | 2 4 6 7 8 9 10 11 12 | 12.7
Charms         | 1 2 3 4 5 6 |  6.0
Ice Magic      | 1 3 4 5 |  5.0
Poison Magic   | 3 5 7 8 |  8.3
Necromancy     | 1 2 3 |  3.2
Translocations | 1 2 |  2.0
Evocations     | 1 2 |  2.9
Shields        | 4 |  4.0
Stealth        | 3 5 |  5.2

Action                   |  1- 3 |  4- 6 |  7- 9 | 10-12 | 13-15 | 16-18 | 19-21 || total
-------------------------+-------+-------+-------+-------+-------+-------+-------++-------
Melee: Dagger            |     9 |       |       |       |       |       |       ||     9
       Constrict         |     5 |    23 |    24 |    60 |    75 |   118 |    10 ||   315
       Tentacles         |     2 |     5 |    15 |    89 |   156 |   326 |    63 ||   656
       Long sword        |    11 |    73 |       |       |       |       |       ||    84
       Rapier            |       |     3 |   111 |   473 |   654 |  1228 |   230 ||  2699
 Cast: Flame Tongue      |    34 |    48 |    52 |   111 |    79 |    59 |    15 ||   398
       Throw Flame       |    11 |    20 |    42 |    56 |    38 |    39 |    10 ||   216
       Sticky Flame      |       |     1 |    12 |    66 |    73 |   134 |    31 ||   317
       Fireball          |       |       |       |    65 |    76 |   149 |    26 ||   316
       Ozocubu's Armour  |       |       |       |     6 |    34 |    64 |    15 ||   119
       Iskenderun's Batt |       |       |       |       |    12 |    14 |     4 ||    30
       Olgreb's Toxic Ra |       |       |       |       |    23 |    81 |       ||   104
       Throw Icicle      |       |       |       |       |     9 |    18 |     4 ||    31
       Regeneration      |       |       |       |       |     8 |    36 |    12 ||    56
       Blink             |       |       |       |       |       |     8 |       ||     8
Invok: Curse Item        |       |     1 |       |     2 |     1 |     3 |       ||     7
Evoke: Wand              |       |       |       |     1 |     2 |    14 |     5 ||    22
  Use: Scroll            |       |       |       |    13 |     5 |     8 |     3 ||    29
       Potion            |       |       |       |    16 |     7 |     3 |     2 ||    28
 Stab: Sleeping          |     2 |     9 |     8 |     7 |     7 |     9 |     3 ||    45
       Paralysed         |       |       |       |       |       |     2 |       ||     2
       Distracted        |       |       |       |       |       |     2 |       ||     2
  Eat: Chunk             |     3 |    10 |    17 |    39 |    31 |    57 |     3 ||   160
       Ration            |       |       |       |     4 |     7 |     5 |     3 ||    19
Armor: Skin              |     1 |     6 |    19 |    48 |    51 |    77 |    11 ||   213
Dodge: Dodged            |    18 |    64 |    69 |   413 |   469 |  1151 |   204 ||  2388
       Deflected         |       |       |       |     5 |     4 |    36 |    11 ||    56
Block: Buckler           |       |       |       |       |       |   303 |    75 ||   378
       Rpst.: Long sword |     3 |    21 |       |       |       |       |       ||    24
